 Dungeon Crawl Stone Soup version 0.25.1-1-g288607f5aa (webtiles) character file.

Game seed: 17852640264336369538

266 Descartes the Blocker (level 6, 0/47 HPs)
             Began as a Formicid Fighter on July 18, 2020.
             Slain by an orc
             ... wielding a +1 dagger of holy wrath
              (2 damage)
             ... on level 4 of the Dungeon.
             The game lasted 00:03:41 (2825 turns).

Descartes the Blocker (Formicid Fighter)            Turns: 2825, Time: 00:03:42

Health: 0/47       AC:  6    Str: 20    XL:     6   Next: 44%
Magic:  6/6        EV:  9    Int: 10    God:
Gold:   77         SH: 11    Dex: 10    Spells: 5/5 levels left

rFire    . . .     SeeInvis +   a - +0 long sword
rCold    . . .     Gourm    .   c - +0 kite shield
rNeg     . . .     Faith    .   b - +0 scale mail
rPois    .         Spirit   .   (helmet unavailable)
rElec    .         Reflect  .   (no cloak)
rCorr    .         Harm     .   (no gloves)
MR       .....                  (no boots)
Stlth    ..........             (no amulet)
HPRegen  0.15/turn              (no ring)
MPRegen  0.10/turn              (no ring)

@: no status effects
A: permanent stasis, dig shafts and tunnels, four strong arms, antennae 3
a: Dig, Shaft Self


You were on level 4 of the Dungeon.
You were not hungry.

You visited 1 branch of the dungeon, and saw 4 of its levels.

You collected 77 gold pieces.

Inventory:

Hand Weapons
 a - a +0 long sword (weapon)
Missiles
 e - 113 stones (quivered)
 g - 21 bolts
 j - 45 arrows
 o - 22 sling bullets
Armour
 b - a +0 scale mail (worn)
 c - a +0 kite shield (worn)
Scrolls
 h - 3 scrolls of identify {unknown}
 k - a scroll of enchant weapon {unknown}
 m - 2 scrolls of fog {unknown}
 n - 5 scrolls of remove curse {unknown}
 p - a scroll of magic mapping {unknown}
 r - a scroll of teleportation {unknown}
 t - a scroll of immolation {unknown}
Potions
 d - 2 potions of might
 i - a potion of stabbing {unknown}
 l - a potion of flight {unknown}
 q - a potion of curing {unknown}
 s - a potion of haste {unknown}
Comestibles
 f - 3 rations


   Skills:
 - Level 3.2 Fighting
 - Level 2.0 Long Blades
 - Level 3.2 Armour
 + Level 8.1 Shields


You had 5 spell levels left.
You didn't know any spells.
Your spell library was empty.

Dungeon Overview and Level Annotations

Branches:
Dungeon (3/15)

Altars:
Makhleb

Annotations:
D:3 2 transporters


Innate Abilities, Weirdness & Mutations

You cannot be hasted, slowed, berserked, paralysed or teleported.
You can dig through walls and to a lower floor.
Your four strong arms can wield two-handed weapons with a shield.
You have a pair of large antennae on your head. (SInv)


Message History

* * * LOW HITPOINT WARNING * * *
The orc hits you with a +1 dagger of holy wrath.
* * * LOW HITPOINT WARNING * * *
The orc hits you with a +0 flail.
* * * LOW HITPOINT WARNING * * *
You closely miss the orc priest.
The orc priest is severely wounded.
You block the orc wizard's attack. You block the orc priest's attack.
The orc hits you but does no damage. x2; The orc closely misses you.
The orc wizard closely misses you. The orc priest closely misses you.
You slash the orc priest!
You kill the orc priest!
Your Shields skill increases to level 8!
The orc hits you with a +1 dagger of holy wrath.
* * * LOW HITPOINT WARNING * * *
You block the orc's attack. You block the orc wizard's attack.
The orc barely misses you.
You riposte.
You hit the orc.
You kill the orc!
The orc hits you with a +1 dagger of holy wrath.
You die...

......#...............
#................#....
#..................#..
.##......####..##.......
#.........##>..##.......
.[..................#...
..........###.....##....
......o...##..###.....#.
......o@.....## ...###
......).o.....# ...
................ ..
...............#
...............#
................
................
...............


You could see an orc wizard (invisible) and 2 orcs.

Vanquished Creatures
  An ogre (D:4)
  An orc priest (D:4)
  3 gnolls (D:2)
  6 adders
  2 worms (D:2)
  4 dart slugs
  3 leopard geckos (D:1)
  An orc (D:4)
  7 bats
  A giant cockroach (D:2)
  4 goblins
  5 hobgoblins
  4 jackals
  A quokka (D:2)
  6 frilled lizards
  9 kobolds
  9 rats
67 creatures vanquished.

Notes
Turn   | Place    | Note
-------+----------+-------------------------------------------
     0 | D:1      | Descartes the Formicid Fighter began the quest for the Orb.
     0 | D:1      | Reached XP level 1. HP: 18/18 MP: 1/1
    49 | D:1      | Reached skill level 4 in Shields
    98 | D:1      | Reached XP level 2. HP: 24/24 MP: 2/2
   307 | D:1      | Reached XP level 3. HP: 21/29 MP: 3/3
   309 | D:1      | Reached skill level 5 in Shields
   766 | D:2      | Found a burning altar of Makhleb.
   782 | D:2      | Reached XP level 4. HP: 33/35 MP: 4/4
   903 | D:2      | Reached skill level 6 in Shields
  1342 | D:2      | Reached XP level 5. HP: 9/41 MP: 5/5
  2309 | D:3      | Found a transporter.
  2356 | D:3      | Found a transporter.
  2372 | D:3      | Reached skill level 7 in Shields
  2547 | D:3      | You fall into a shaft and drop 1 floor!
  2550 | D:4      | Noticed an ogre
  2557 | D:4      | Killed an ogre
  2557 | D:4      | Reached XP level 6. HP: 9/47 MP: 6/6
  2825 | D:4      | Reached skill level 8 in Shields
  2825 | D:4      | HP: 2/47 [orc/+1 dagger of holy wrath (4)]
  2825 | D:4      | Slain by an orc

Illustrated notes

Levels and vault maps discovered:
D:1:      ebering_hopf_link, layout_basic, minmay_pentomino_w2
D:2:      layout_loops_ring, first_ration, bloody_makhleb
D:3:      layout_rooms, gammafunk_ghost_stat_death
D:4:      layout_cave_pools, serial_shops,
          nicolae_shop_temple_entry_statues_fountains, dk_noncrumbling_4,
          st_stairs_11, uniq_eustachio

Skill      XL: |  1  2  3  4  5  6 |
---------------+-------------------+-----
Shields        | 4 5 6 7 8 |  8.1
Fighting       | |  3.2
Long Blades    | |  2.0
Armour         | |  3.2

Action                   |  1- 3 |  4- 6 || total
-------------------------+-------+-------++-------
Melee: Long sword        |    91 |   135 ||   226
 Abil: Dig               |       |     1 ||     1
  Eat: Chunk             |       |     7 ||     7
Armor: Scale mail        |    42 |    47 ||    89
Dodge: Dodged            |    34 |    49 ||    83
Block: Kite shield       |    49 |    85 ||   134
       Rpst.: Long sword |     8 |    15 ||    23
